 Dungeon Crawl Stone Soup version 0.28.0-53-g5a82cb258f (webtiles) character file.

Game seed: 1967725971413585333

88 Peloso the Covered (level 4, -11/40 HPs)
             Began as a Minotaur Fighter on May 30, 2022.
             Mangled by an ogre
             ... wielding a +0 giant spiked club
              (16 damage)
             ... on level 4 of the Dungeon.
             The game lasted 00:04:08 (2564 turns).

Peloso the Covered (Minotaur Fighter)               Turns: 2564, Time: 00:04:09

Health: -11/40     AC: 16    Str: 20    XL:     4   Next: 29%
Magic:  3/3        EV:  5    Int:  5    God:
Gold:   0          SH:  5    Dex: 12    Spells: 3/3 levels left

rFire   . . .      SeeInvis .   a - +0 long sword (vorpal)
rCold   . . .      Faith    .   c - +0 buckler
rNeg    . . .      Spirit   .   o - +0 plate armour
rPois   .          Reflect  .   (helmet restricted)
rElec   .          Harm     .   (no cloak)
rCorr   .          Rampage  .   (no gloves)
Will    .....                   (no boots)
Stlth   ..........              h - amulet of regeneration
HPRegen 0.93/turn               g - +4 ring of protection
MPRegen 0.08/turn               (no ring)

@: no status effects
A: horns 2, retaliatory headbutt
a: no special abilities


You were on level 4 of the Dungeon.
You visited 1 branch of the dungeon, and saw 4 of its levels.

You collected 241 gold pieces.
You spent 241 gold pieces at shops.

Inventory:

Hand Weapons
 a - a +0 vorpal long sword (weapon)
Armour
 b - a +0 scale mail
 c - a +0 buckler (worn)
 o - a +0 plate armour (worn)
Jewellery
 g - a +4 ring of protection (left hand)
 h - an amulet of regeneration (around neck)
 p - the amulet "Rigien" {Reflect Harm rF+ Regen+ SH+5}
   (You bought it in a shop on level 1 of the Dungeon)

   [amulet of reflection]

   It reflects blocked missile attacks.
   rF:        It protects you from fire.
   Regen:     It increases your rate of health regeneration.
   SH:        It affects your SH (+5).
   Harm:      It increases damage dealt and taken.
Wands
 i - a wand of flame (19)
Scrolls
 k - 2 scrolls of identify {unknown}
 l - a scroll of immolation {unknown}
 n - a scroll of fog {unknown}
Potions
 d - a potion of might
 e - a potion of curing {unknown}
 f - a potion of brilliance {unknown}
 j - a potion of heal wounds {unknown}
 m - a potion of attraction {unknown}


   Skills:
 + Level 4.3 Fighting
 + Level 3.2 Long Blades
 + Level 4.6 Armour
 + Level 0.5 Dodging
 + Level 0.5 Stealth
 + Level 4.2 Shields


You had 3 spell levels left.
You didn't know any spells.
Your spell library contained the following spells:

 Spells                   Type           Power      Damage    Failure   Level
 Inner Flame              Hex/Fire       0%         N/A       100%        3
 Cause Fear               Hex            0%         N/A       100%        4
 Discord                  Hex            0%         N/A       100%        8


Dungeon Overview and Level Annotations

Branches:
Dungeon (4/15)
 Temple: D:4-7

Altars:
Ashenzari
Qazlal

Shops:
D:1 *


Innate Abilities, Weirdness & Mutations

You have a pair of horns on your head.
You reflexively headbutt those who attack you in melee.


Message History

Done exploring.
(D) Dungeon
Where to? (Enter - D:1 @ (x,y), ? - help)
What level of the Dungeon? (default 1, ? - help)
You see here 5 large rocks.
There is a stone staircase leading down here.
You climb downwards.
There is a stone staircase leading up here.
There is a stone staircase leading down here.
You climb downwards.
There is a stone staircase leading up here.
Done exploring.
Done exploring.
(D) Dungeon
Where to? (Enter - D:3, ? - help)
What level of the Dungeon? (default 1, ? - help)
There is a stone staircase leading down here.
You climb downwards.
The ogre shouts!
Found 8 gold pieces.
There is a stone staircase leading up here.
An ogre is nearby!
You hit the ogre. Your headbutt misses the ogre.
The ogre is lightly wounded.
The ogre hits you with a +0 giant spiked club!!
You slash the ogre! Your headbutt misses the ogre.
The ogre is heavily wounded.
The ogre hits you with a +0 giant spiked club!!
* * * LOW HITPOINT WARNING * * *
You hit the ogre. Your headbutt misses the ogre.
The ogre is heavily wounded.
The ogre hits you with a +0 giant spiked club.
* * * LOW HITPOINT WARNING * * *
You barely miss the ogre.
The ogre is heavily wounded.
You block the ogre's attack.
You barely miss the ogre.
The ogre is heavily wounded.
The ogre hits you with a +0 giant spiked club!
You die...

## #.####
#....###
#$.....###
#.<@O....#
#.........#
##.#.......
#.###.###.
#.# ## ###
#.# ... ..#
.. ..# # #


You could see an ogre.

Vanquished Creatures
  3 adders
  An orc (D:3)
  5 bats
  3 endoplasms
  11 giant cockroaches
  2 goblins (D:3)
  4 hobgoblins
  3 quokkas
  5 ball pythons
  3 frilled lizards (D:1)
  7 kobolds
  8 rats
55 creatures vanquished.

Vanquished Creatures (others)
  13 fungi (D:3)
  3 toadstools (D:3)
16 creatures vanquished.

Grand Total: 71 creatures vanquished

Notes
Turn   | Place    | Note
-------+----------+-------------------------------------------
     0 | D:1      | Peloso the Minotaur Fighter began the quest for the Orb.
     0 | D:1      | Reached XP level 1. HP: 19/19 MP: 0/0
   397 | D:1      | Found Gexoteeput's Assorted Antiques.
   408 | D:1      | Reached XP level 2. HP: 25/27 MP: 1/1
   432 | D:1      | Found a faded altar of an unknown god.
  1314 | D:2      | Reached XP level 3. HP: 31/33 MP: 2/2
  1400 | D:2      | You fall into a shaft and drop 2 floors!
  1506 | D:3      | Found a stormy altar of Qazlal.
  1894 | D:3      | Found a broken altar of Ashenzari.
  1991 | D:3      | Reached XP level 4. HP: 40/40 MP: 3/3
  2494 | D:1      | Bought a crude iron amulet for 105 gold pieces
  2494 | D:1      | Identified the amulet "Rigien" {Reflect Harm rF+ Regen+
                  | SH+5} (You bought it in a shop on level 1 of the Dungeon)
  2503 | D:1      | Bought a glowing long sword for 136 gold pieces
  2558 | D:4      | Noticed an ogre
  2564 | D:4      | Mangled by an ogre

Illustrated notes

Levels and vault maps discovered:
D:1:      nicolae_arrival_somewhat_less_tricky_arrival, layout_basic,
          serial_shops, nicolae_shop_waterfront, shapermc_ecumenical_altar_gd
D:2:      layout_rooms
D:3:      minmay_roachtagon, layout_basic, nicolae_qazlal_scattered_showers,
          nicolae_ashenzari_panopticon, minmay_gold_behind_fungi,
          chequers_serial_rivers_room_a, grunt_ministairs_4,
          corexii_hall_statues_l
D:4:      layout_cave_pods, makhleb_heckhound_becter, tso_metal_star,
          minmay_temple_entry_gardened_gates

Skill      XL: |  1  2  3 |
---------------+----------+-----
Armour         | 4 |  4.6
Fighting       | 4 |  4.3
Shields        | 4 |  4.2
Long Blades    | 3 |  3.2
Dodging        | |  0.5
Stealth        | |  0.5

Action                   |  1- 3 |  4- 6 || total
-------------------------+-------+-------++-------
Melee: Long sword        |    89 |    36 ||   125
       Headbutt          |     7 |     8 ||    15
Armor: Scale mail        |    37 |    11 ||    48
Dodge: Dodged            |    40 |     7 ||    47
Block: Buckler           |    18 |     4 ||    22
